 Dungeon Crawl Stone Soup version 0.21-a0-507-ga8f6b7a (webtiles) character file.

13151 kae the Grappler (level 11, -5/111 HPs)
             Began as a Troll Monk on Nov 27, 2017.
             Was a High Priest of Wu Jian.
             Slain by a nine-headed hydra (11 damage)
             ... on level 1 of the Lair of Beasts.
             The game lasted 00:19:23 (10931 turns).

kae the Grappler (Troll Monk)                      Turns: 10931, Time: 00:19:24

Health: -5/111     AC: 11    Str: 21    XL:     11   Next: 71%
Magic:  10/10      EV: 15    Int:  6    God:    Wu Jian [*****.]
Gold:   640        SH:  0    Dex: 15    Spells: 10/10 levels left

rFire    . . .     SeeInvis +   E - +0 halberd
rCold    + . .     Gourm    +   (shield currently unavailable)
rNeg     . . .     Faith    .   r - +1 robe "Doatos" {rC+ SInv}
rPois    .         Spirit   .   (helmet restricted)
rElec    .         Reflect  .   (no cloak)
rCorr    .         Harm     .   (gloves unavailable)
MR       +....                  (boots unavailable)
Stlth    ++........             p - amulet of regeneration
HPRegen  1.08/turn              g - +5 ring of protection
MPRegen  0.12/turn              K - ring of protection from magic

@: no status effects
A: large, unfitting armour, claws 3, fast metabolism 3, gourmand, regeneration
1, shaggy fur 1, tough skin 2
a: Serpent's Lash, Heavenly Storm, Renounce Religion


You were on level 1 of the Lair of Beasts.
You worshipped Wu Jian.
Wu Jian was extremely pleased with you.
You were not hungry.

You visited 3 branches of the dungeon, and saw 12 of its levels.
You also visited: Bailey.

You collected 640 gold pieces.

Inventory:

Hand Weapons
 E - a +0 halberd (weapon)
Armour
 r - the +1 robe "Doatos" (worn) {rC+ SInv}
   (You found it on level 5 of the Dungeon)

   It protects you from cold.
   It lets you see invisible.
Jewellery
 g - a +5 ring of protection (left claw)
 h - a +3 ring of strength {unknown}
 p - an amulet of regeneration (around neck)
 v - an uncursed ring of see invisible
 y - an uncursed ring of ice
 K - a ring of protection from magic (right claw)
Wands
 j - a wand of digging (27)
 o - a wand of acid (17)
 B - a wand of random effects (62)
Scrolls
 d - 3 scrolls of teleportation
 e - 4 scrolls of remove curse
 s - 3 scrolls of enchant weapon
 D - a scroll of holy word
 H - a scroll of enchant armour
Potions
 a - a potion of agility
 c - a potion of resistance
 k - a potion of flight
 l - 2 potions of heal wounds
 n - a potion of lignification
 q - 6 potions of mutation
 t - a potion of might
 w - a potion of brilliance
 x - 2 potions of curing
 z - a potion of cancellation {unknown}
 C - a potion of haste {unknown}
 F - a potion of experience {unknown}
 I - a potion of ambrosia {unknown}
Comestibles
 b - 9 bread rations
 f - 4 meat rations
 m - 8 royal jellies


   Skills:
 + Level 8.2 Fighting
 + Level 3.7 Armour
 + Level 8.2 Dodging
 - Level 1.0 Stealth
 * Level 13.0 Unarmed Combat


You had 10 spell levels left.
You didn't know any spells.

Dungeon Overview and Level Annotations

Branches:
Dungeon (10/15)            Temple (1/1) D:6            Lair (1/6) D:10
    Orc (0/2) D:9

Altars:
Ashenzari
Cheibriados
Dithmenos
Elyvilon
Fedhas
Gozag
Hepliaklqana
Kikubaaqudgha
Makhleb
Nemelex Xobeh
Okawaru
Qazlal
Ru
Sif Muna
Trog
Uskayaw
Vehumet
Wu Jian
Xom
Yredelemnul
Zin
The Shining One
Lugonu

Shops:
D:5 [   D:6 [   D:9 !

Annotations:
Lair:1 Gastronok


Innate Abilities, Weirdness & Mutations

You are too large for most types of armour.
You have claws for hands.
Your metabolism is lightning-fast.
You like to eat raw meat.
Your natural rate of healing is unusually fast.
You are covered in fur. (AC +1)
You have very tough skin. (AC +2)


Message History

Evoke which item? (* to show all) (? for menu, Esc to quit)
You don't have any such object.
Evoke which item? (* to show all) (? for menu, Esc to quit)
Okay, then.
Unknown command.
Evoke which item? (* to show all) (? for menu, Esc to quit)
Aiming: Corrosive Bolt
Press: ? - help, Shift-Dir - straight line, f/p - nine-headed hydra
Aim: a nine-headed hydra (severely wounded, covered in acid)
The bolt of acid misses the nine-headed hydra.
The nine-headed hydra bites you. The nine-headed hydra bites you!
* * * LOW HITPOINT WARNING * * *
The nine-headed hydra bites you.
* * * LOW HITPOINT WARNING * * *
The nine-headed hydra bites you!
* * * LOW HITPOINT WARNING * * *
The nine-headed hydra bites you!
* * * LOW HITPOINT WARNING * * *
The nine-headed hydra misses you. The nine-headed hydra bites you!
You die...

#P###.............. ...
#...'........#..... ...
#...##......##....# ....
##..##......####### .....
##.###.....#####.#
.....#####.#..............
..........................
........†.................
.........@................
.........D.............l..
...................#.###w.
#.................#.....#.
#....###..##.#..........#.
.............#............
.....#.......P....#...w.#.
..................#.....P.
.......................


You could see a nine-headed hydra.

Vanquished Creatures
  A hydra (Lair:1)
  2 two-headed ogres
  Pikel (D:6)
  A cyclops (D:9)
  Maurice (D:8)
  2 spiny frogs (Lair:1)
  A hornet (D:10)
  3 blink frogs (Lair:1)
  2 hippogriffs
  Sigmund (D:2)
  A human (D:7)
  The ghost of zero the Covert, an amateur SpEn (D:4)
  A basilisk (Lair:1)
  4 hogs (D:7)
  2 hungry ghosts (D:10)
  4 water moccasins
  Duvessa (D:7)
  A porcupine (Lair:1)
  An ice beast (D:7)
  2 slaves (D:6)
  16 orc warriors
  A sky beast (D:5)
  A phantom (D:9)
  4 ogres
  3 necrophages (D:9)
  15 centaurs
  10 bullfrogs
  A scorpion (D:4)
  Dowan (D:7)
  2 electric eels (D:9)
  5 howler monkeys
  3 vampire bats (D:2)
  4 crimson imps
  A quasit (D:6)
  10 orc priests
  A bullfrog zombie (D:6)
  3 jellies
  A bullfrog skeleton (D:4)
  7 hounds
  Ijyb (D:3)
  7 orc wizards
  6 worker ants
  A killer bee zombie (D:8)
  A hound skeleton (D:4)
  Robin (D:2)
  13 gnolls
  13 adders
  4 shadow imps
  An adder zombie (D:5)
  5 adder skeletons
  3 worms
  A dart slug (D:1)
  11 leopard geckos
  52 orcs
  4 ball pythons
  4 bat skeletons (D:2)
  2 bat zombies (D:2)
  4 giant cockroaches
  19 goblins
  7 hobgoblins
  15 jackals
  3 quokkas
  12 bats
  5 frilled lizards
  A giant cockroach zombie (D:5)
  A jackal zombie (D:6)
  5 kobolds
  7 rats
331 creatures vanquished.

Vanquished Creatures (others)
  A jelly (D:6)
  A fungus (Lair:1)
  A plant (Lair:1)
3 creatures vanquished.

Grand Total: 334 creatures vanquished

Notes
Turn   | Place    | Note
-------+----------+-------------------------------------------
     0 | D:1      | kae the Troll Monk began the quest for the Orb.
     0 | D:1      | Reached XP level 1. HP: 22/22 MP: 0/0
    96 | D:1      | Reached XP level 2. HP: 29/29 MP: 1/1
   352 | D:1      | Reached XP level 3. HP: 36/36 MP: 2/2
   378 | D:1      | You fall through a shaft!
   528 | D:2      | Reached skill level 4 in Unarmed Combat
   563 | D:2      | Found a glowing golden altar of the Shining One.
   565 | D:2      | Reached XP level 4. HP: 44/44 MP: 3/3
   767 | D:2      | Noticed Robin
   773 | D:2      | Killed Robin
  1295 | D:2      | Noticed Sigmund
  1350 | D:2      | Killed Sigmund
  1350 | D:2      | Reached skill level 5 in Unarmed Combat
  1350 | D:2      | Reached XP level 5. HP: 37/53 MP: 4/4
  1350 | D:2      | Reached XP level 6. HP: 43/61 MP: 5/5
  1542 | D:2      | Found a stormy altar of Qazlal.
  1568 | D:2      | Found an ancient bone altar of Kikubaaqudgha.
  1789 | D:3      | Found a sparkling altar of Nemelex Xobeh.
  1906 | D:3      | Noticed Ijyb
  1915 | D:3      | Killed Ijyb
  1999 | D:3      | Found a faded altar of an unknown god.
  2109 | D:3      | Found a shadowy altar of Dithmenos.
  2145 | D:3      | Found a hide-covered altar of Uskayaw.
  2147 | D:3      | Found a snail-covered altar of Cheibriados.
  2149 | D:3      | Found a shattered altar of Ashenzari.
  2151 | D:3      | Found a burning altar of Makhleb.
  2231 | D:3      | Found a bloodstained altar of Trog.
  2403 | D:3      | Reached skill level 6 in Unarmed Combat
  2574 | D:4      | Reached XP level 7. HP: 69/70 MP: 6/6
  2607 | D:4      | Found the +8 Wrath of Trog {antimagic, *Rage}
  2755 | D:4      | Noticed zero's ghost (amateur SpEn)
  2831 | D:4      | Killed zero's ghost
  2831 | D:4      | Reached skill level 7 in Unarmed Combat
  2871 | D:4      | Found a deep blue altar of Sif Muna.
  3042 | D:4      | Reached XP level 8. HP: 79/79 MP: 7/7
  3266 | D:5      | Entered Level 5 of the Dungeon
  3495 | D:5      | Reached skill level 5 in Dodging
  3495 | D:5      | Reached skill level 8 in Unarmed Combat
  3499 | D:5      | Reached skill level 5 in Fighting
  3622 | D:5      | Found Mawi's Armour Shoppe.
  4492 | D:5      | Got a tattered robe
  4503 | D:5      | Identified the +1 robe "Doatos" {rC+ SInv} (You found it on level 5 of the Dungeon)
  4675 | D:6      | Reached XP level 9. HP: 88/88 MP: 8/8
  4726 | D:6      | Noticed Pikel
  4732 | D:6      | Killed Pikel
  4732 | D:6      | Reached skill level 9 in Unarmed Combat
  4754 | D:6      | Found Vaifaobb's Antique Armour Emporium.
  4843 | D:6      | Found a staircase to the Ecumenical Temple.
  4857 | Temple   | Entered the Ecumenical Temple
  4901 | Temple   | Became a worshipper of the Wu Jian Council
  4901 | Temple   | Reached * piety under Wu Jian
  4901 | Temple   | Reached ** piety under Wu Jian
  5586 | D:7      | Reached skill level 10 in Unarmed Combat
  5798 | D:7      | Reached XP level 10. HP: 84/100 MP: 9/9
  5955 | D:7      | Noticed Duvessa
  5955 | D:7      | Noticed Dowan
  5965 | D:7      | Killed Dowan
  5972 | D:7      | Killed Duvessa
  6192 | D:7      | Reached *** piety under Wu Jian
  6405 | D:8      | Noticed a two-headed ogre
  6493 | D:8      | Noticed Maurice
  6513 | D:8      | Killed Maurice
  6513 | D:8      | Reached skill level 11 in Unarmed Combat
  6690 | D:8      | Found an iron altar of Okawaru.
  6690 | D:8      | Found a white marble altar of Elyvilon.
  6916 | D:8      | Found a glowing silver altar of Zin.
  6917 | D:8      | Found an opulent altar of Gozag.
  7052 | D:8      | Killed a two-headed ogre
  7213 | D:9      | Found a basalt altar of Yredelemnul.
  7213 | D:9      | Found Doemor's Distillery.
  7226 | D:9      | Noticed a two-headed ogre
  7294 | D:9      | Found a flagged portal.
  7304 | Bailey   | Entered a bailey
  7533 | Bailey   | Reached skill level 1 in Armour
  8380 | Bailey   | Reached skill level 12 in Unarmed Combat
  8667 | D:9      | Killed a two-headed ogre
  8667 | D:9      | Reached XP level 11. HP: 109/109 MP: 10/10
  8971 | D:9      | Reached **** piety under Wu Jian
  9652 | D:9      | Found a staircase to the Orcish Mines.
  9686 | D:10     | Entered Level 10 of the Dungeon
 10147 | D:10     | Reached ***** piety under Wu Jian
 10173 | D:10     | Found a staircase to the Lair.
 10353 | Lair:1   | Entered Level 1 of the Lair of Beasts
 10537 | Lair:1   | Noticed a seven-headed hydra
 10561 | Lair:1   | Killed a ten-headed hydra
 10763 | Lair:1   | Noticed an eight-headed hydra
 10857 | Lair:1   | Reached skill level 13 in Unarmed Combat
 10869 | Lair:1   | Noticed Gastronok
 10931 | Lair:1   | Slain by a nine-headed hydra

Vault maps used:
D:1:      lordsloth_arrival_two_stooges
D:2:      lemuel_round_altar, overflow_temple_1_default,
          kennysheep_vampire_church, uniq_robin, uniq_sigmund
D:3:      wad_crossroads, grunt_temple_overflow_open, lemuel_crystal_altar,
          chequers_ecumenical_altar_lobes, first_bread, grunt_decor_fettered,
          nemelex_altar_shiori, uniq_ijyb
D:4:      led_sif_book
D:5:      kennysheep_windowed_halls, serial_shops, kennysheep_little_box
D:6:      minmay_temple_entry_butterflies, serial_shops, shop, uniq_pikel
D:7:      grunt_livestock, uniq_duvessa
D:8:      grunt_temple_overflow_gold_and_silver, gammafunk_temple_overflow_wave,
          minmay_item_behind_shaft, nicolae_wwwww, uniq_maurice
D:9:      yredelemnul_altar_generic, erik_orc_2, serial_glass, glass_columns_a,
          glass_columns_b, feat_on_display, due_unseen_surprise, enter_bailey_8,
          serial_shops, shop
D:10:     lair_entry_dummy, fountainhead
Temple:   corrupted_temple
Lair:1:   portal_ice_cave_demonic_guard, uniq_harold, uniq_gastronok
Bailey:   bailey_polearm_flooded_kennysheep, bailey

Skill      XL: |  1  2  3  4  5  6  7  8  9 10 11 |
---------------+----------------------------------+-----
Unarmed Combat | 4 5 6 7 8 10 12 13 | 13.0
Fighting       | 3 4 5 6 7 8 |  8.2
Dodging        | 3 4 5 6 7 8 |  8.2
Armour         | 2 3 |  3.7
Stealth        | |  1.0

Action                   |  1- 3 |  4- 6 |  7- 9 | 10-12 || total
-------------------------+-------+-------+-------+-------++-------
Melee: Unarmed           |   115 |   162 |   302 |   455 ||  1034
       Punch             |     1 |     1 |     9 |    28 ||    39
       Halberd           |       |       |       |    33 ||    33
Invok: Serpent's Lash    |       |       |       |     1 ||     1
Evoke: Wand              |       |       |       |    19 ||    19
  Use: Potion            |       |     3 |       |     2 ||     5
       Scroll            |       |     8 |     5 |    12 ||    25
 Stab: Sleeping          |     3 |     3 |     8 |     2 ||    16
       Distracted        |       |       |     1 |       ||     1
  Eat: Chunk             |    11 |    16 |    29 |    49 ||   105
Armor: Robe              |    53 |    75 |   132 |   126 ||   386
Dodge: Dodged            |    71 |   104 |   206 |   357 ||   738

Table legend:
 A = Spawn XP
 B = Non-spawn XP
 C = Spawn XP percentage of total XP
 D = Spawn monster count
 E = Non-spawn monster count
 F = Spawn count percentage of total count
 G = Total turns spent on level
                    A         B        C        D         E        F      G
               +---------+---------+-------+---------+---------+-------+---------
         Total |       0 |   18788 |   0.0 |       0 |     329 |   0.0 | 10931
               +---------+---------+-------+---------+---------+-------+---------
           D:1 |       0 |      52 |   0.0 |       0 |      27 |   0.0 |   730
           D:2 |       0 |     521 |   0.0 |       0 |      45 |   0.0 |  1052
           D:3 |       0 |     132 |   0.0 |       0 |      26 |   0.0 |   727
           D:4 |       0 |     863 |   0.0 |       0 |      22 |   0.0 |   843
           D:5 |       0 |    1147 |   0.0 |       0 |      31 |   0.0 |  1227
           D:6 |       0 |    1521 |   0.0 |       0 |      24 |   0.0 |   932
           D:7 |       0 |    2044 |   0.0 |       0 |      27 |   0.0 |   890
           D:8 |       0 |    1785 |   0.0 |       0 |      10 |   0.0 |   738
           D:9 |       0 |    3354 |   0.0 |       0 |      48 |   0.0 |  1184
          D:10 |       0 |    1282 |   0.0 |       0 |      16 |   0.0 |   667
        Lair:1 |       0 |    3791 |   0.0 |       0 |      14 |   0.0 |   578
        Bailey |       0 |    2296 |   0.0 |       0 |      39 |   0.0 |  1302
               +---------+---------+-------+---------+---------+-------+---------
